 Dungeon Crawl Stone Soup version 0.24-a0-516-g9de272bb65 (webtiles) character file.

Game seed: 1423238491804135456

72 KristoblXynda the Charlatan (level 4, -2/35 HPs)
             Began as a Draconian Artificer on July 21, 2019.
             Slain by a bullfrog (4 damage)
             ... on level 2 of the Dungeon.
             The game lasted 00:01:47 (1757 turns).

KristoblXynda the Charlatan (Draconian Artificer)   Turns: 1757, Time: 00:01:47

Health: -2/35      AC:  5    Str: 20    XL:     4   Next: 7%
Magic:  6/6        EV: 12    Int: 12    God:
Gold:   72         SH:  0    Dex: 11    Spells: 3/3 levels left

rFire    . . .     SeeInvis .   a - +0 short sword
rCold    . . .     Gourm    .   (no shield)
rNeg     . . .     Faith    .   (armour unavailable)
rPois    .         Spirit   .   (helmet restricted)
rElec    .         Reflect  .   (no cloak)
rCorr    .         Harm     .   (no gloves)
MR       .....                  (no boots)
Stlth    ++........             (no amulet)
HPRegen  0.11/turn              (no ring)
MPRegen  0.10/turn              (no ring)

@: mighty
A: unfitting armour, cold-blooded, AC +5
a: no special abilities


You were on level 2 of the Dungeon.
You were not hungry.

You visited 1 branch of the dungeon, and saw 2 of its levels.

You collected 72 gold pieces.

Inventory:

Hand Weapons
 a - a +0 short sword (weapon)
Wands
 b - a wand of flame (15)
 c - a wand of enslavement (15)
 d - a wand of random effects (14)
Scrolls
 g - a scroll of identify {unknown}
 i - a scroll of remove curse {unknown}
 j - a scroll of teleportation {unknown}
Potions
 e - a potion of heal wounds {unknown}
Comestibles
 f - 5 rations


   Skills:
 - Level 1.1 Fighting
 + Level 2.1 Short Blades
 + Level 2.4 Dodging
 + Level 2.0 Stealth
 + Level 3.5 Evocations


You had 3 spell levels left.
You didn't know any spells.
Your spell library was empty.

Dungeon Overview and Level Annotations

Branches:
Dungeon (2/15)

Altars:


Innate Abilities, Weirdness & Mutations

Your plain brown scales are hard. (AC +5)
You cannot fit into any form of body armour.
You are cold-blooded and may be slowed by cold attacks.


Message History

The quokka is moderately wounded.
The quokka closely misses you. The bullfrog barely misses you.
The quokka misses you.
There are monsters nearby!
The bullfrog closely misses you.
The bullfrog releases a deep croak.
The bullfrog closely misses you. The bullfrog hits you!
* * * LOW HITPOINT WARNING * * *
The bullfrog snags a nearby mouse with its tongue.
The bullfrog hits you but does no damage.
You barely miss the bullfrog.
Your tail-slap misses the bullfrog.
The bullfrog hits you!
* * * LOW HITPOINT WARNING * * *
Evoke which item? (* to show all) (? for menu, Esc to quit)
Okay, then.
It was a potion of might.
You feel very mighty all of a sudden. The bullfrog closely misses you.
The bullfrog hits you.
You die...

.... . ... . #.##.
.#.g###.#..###. #.##.
.......#.....# #.##.
#..#.......#.# #######.##. #..
#...#.## ...........
#[.#####....r.# ######.##.
#..<..##..†#..# #.#..
...<##†####.#..#######.######.#.#
#### #.# #.#.rF@......#......#.#
#.# #.#.##########.####.#.# #.#
#....# #.# #.#.# ###.## ###..#
#.# #.#.# ....# #..# #.# #.#.#
#..# #..#########.# #.#.#
####..#####............# #.#.#
#............########### #.#
###.##..######.# #.#


You could see a bullfrog and a quokka.

Vanquished Creatures
  2 gnolls
  2 adders (D:2)
  3 dart slugs (D:1)
  4 giant cockroaches
  6 hobgoblins
  A quokka (D:2)
  6 bats
  4 goblins
  A kobold (D:2)
  3 rats
32 creatures vanquished.

Notes
Turn   | Place    | Note
-------+----------+-------------------------------------------
     0 | D:1      | KristoblXynda the Draconian Artificer began the quest for
                  | the Orb.
     0 | D:1      | Reached XP level 1. HP: 16/16 MP: 3/3
    16 | D:1      | Reached skill level 1 in Stealth
   276 | D:1      | Reached XP level 2. HP: 23/23 MP: 4/4
   902 | D:2      | Reached XP level 3. HP: 12/28 MP: 5/5
  1432 | D:1      | Reached XP level 4. HP: 19/35 MP: 6/6
  1731 | D:2      | Noticed a bullfrog
  1757 | D:2      | Slain by a bullfrog

Levels and vault maps discovered:
D:1:      dpeg_arrival_tiny_h, layout_basic, serial_bayou_ford_a, moated_statue
D:2:      layout_loops_ring, first_ration

Skill      XL: |  1  2  3 |
---------------+----------+-----
Stealth        | 1 2 |  2.0
Dodging        | 2 |  2.4
Short Blades   | 2 |  2.1
Fighting       | |  1.1
Evocations     | |  3.5

Action                   |  1- 3 |  4- 6 || total
-------------------------+-------+-------++-------
Melee: Short sword       |    97 |     9 ||   106
       Tailslap          |    14 |     1 ||    15
Evoke: Wand              |     1 |       ||     1
  Use: Potion            |       |     1 ||     1
 Stab: Sleeping          |     4 |       ||     4
  Eat: Chunk             |     1 |     2 ||     3
Armor: Skin              |    28 |     2 ||    30
Dodge: Dodged            |    72 |    16 ||    88

Table legend:
 A = Non-vault XP
 B = Vault XP
 C = Vault XP percentage of total XP
 D = Non-vault monster count
 E = Vault monster count
 F = Vault count percentage of total count
                 A         B        C        D         E       F
            +---------+---------+-------+---------+---------+-------
      Total |     104 |       0 |   0.0 |      32 |       0 |   0.0
            +---------+---------+-------+---------+---------+-------
        D:1 |      50 |       0 |   0.0 |      20 |       0 |   0.0
        D:2 |      54 |       0 |   0.0 |      12 |       0 |   0.0
            +---------+---------+-------+---------+---------+-------
